 Dungeon Crawl Stone Soup version 0.17.0-1-g61d176b (webtiles) character file.

462 pipel the Covered (level 6, -3/48 HPs)
             Began as a Mummy Chaos Knight on Nov 7, 2015.
             Slain by a great orb of eyes (9 damage)
             ... summoned by Xom
             ... on level 3 of the Dungeon.
             The game lasted 00:22:05 (26897 turns).

pipel the Covered (Mummy Chaos Knight)             Turns: 26897, Time: 00:22:05

Health: -3/48      AC: 10    Str: 18      XL:     6   Next: 79%
Magic:  6/6        EV:  2    Int:  7 (11) God:    Xom [*.....]
Gold:   131        SH:  0    Dex: 11      Spells: 2 memorised, 1 level left

rFire  x . .     SeeInvis .     h - +0 scimitar (chaos)
rCold  + . .     Clarity  .     c - +0 chain mail (curse)
rNeg   + + +     SustAt   .     (no shield)
rPois  ∞         Gourm    .     (no helmet)
rElec  .         Spirit   .     d - +0 cloak
rCorr  .         Warding  .     (no gloves)
rMut   .         Stasis   .     (no boots)
MR     .....                    (no amulet)
Stlth  ..........               (no ring)
                                (no ring)

@: not resistant to hostile enchantments, extremely unstealthy
A: no food or potions, fire vulnerability, cold resistance 1, negative energy
resistance 3, torment resistance, unbreathing
a: Renounce Religion


You were on level 3 of the Dungeon.
You worshipped Xom.
You were a special plaything of Xom.
You were not hungry.

You visited 1 branch of the dungeon, and saw 4 of its levels.

You collected 131 gold pieces.

Inventory:

Hand Weapons
 a - a +0 falchion of chaos
 h - a +0 scimitar of chaos (weapon)
Missiles
 e - 32 arrows
 f - 100 stones
 g - 8 javelins
 j - 8 tomahawks of returning (quivered)
 s - 4 tomahawks
 t - 16 sling bullets
Armour
 b - a +2 leather armour
 c - a cursed +0 chain mail (worn)
 d - a +0 cloak (worn)
 i - a +0 chain mail
 k - a +0 ring mail
 n - a +0 shield
Wands
 p - a wand of teleportation (1)
Scrolls
 l - 3 scrolls of identify
 q - a scroll of blinking
 u - a scroll of fear
Books
 m - Xom's Intricacies of Spellcasting
   (Xom gifted it to you on level 2 of the Dungeon)

   Spells                             Type                      Level
   a - Ring of Flames                 Charms/Fire                  7
   b - Orb of Destruction             Conjuration                  7
   c - Delayed Fireball               Conjuration/Fire             7
   d - Spellforged Servitor           Conjuration/Summoning        7
 o - a book of Minor Magic

   Spells                             Type                      Level
   a - Magic Dart                     Conjuration                  1
   b - Blink                          Translocation                2
   c - Call Imp                       Summoning                    2
   d - Repel Missiles                 Charms/Air                   2
   e - Slow                           Hexes                        2
   f - Conjure Flame                  Conjuration/Fire             3
   g - Mephitic Cloud                 Conjuration/Poison/Air       3
 r - a book of Geomancy

   Spells                             Type                      Level
   a - Sandblast                      Earth                        1
   b - Stoneskin                      Transmutation/Earth          2
   c - Passwall                       Transmutation/Earth          3
   d - Stone Arrow                    Conjuration/Earth            3
   e - Petrify                        Transmutation/Earth          4
   f - Lee's Rapid Deconstruction     Earth                        5


   Skills:
 + Level 4.1 Fighting
 + Level 3.5 Long Blades
 - Level 1.3 Throwing
 + Level 4.3 Armour
 + Level 1.4 Dodging
 - Level 0.5 Stealth


You had one spell level left.
You knew the following spells:

 Your Spells              Type           Power        Failure   Level  Hunger
a - Blink                 Tloc           N/A          100%        2    N/A
b - Repel Missiles        Chrm/Air       #.....       100%        2    N/A

Dungeon Overview and Level Annotations

Branches:
Dungeon (4/15)             Temple (0/1) D:4

Altars:
Sif Muna
Xom
The Shining One

Shops:
D:4 }

Annotations:
D:1 translucent rock vault
D:2 Purgy


Innate Abilities, Weirdness & Mutations

You do not eat or drink.
Your flesh is vulnerable to fire.
You are immune to poison.
Your flesh is cold resistant.
You are immune to negative energy.
You are immune to unholy pain and torment.
You can survive without breathing.


Message History

"Fight to survive, mortal."
There are monsters nearby!
There are monsters nearby!
There are monsters nearby!
There are monsters nearby!
There are monsters nearby!
There are monsters nearby!
There are monsters nearby!
There are monsters nearby!
There are monsters nearby!
There are monsters nearby!
There are monsters nearby!
There are monsters nearby!
There are monsters nearby!
The deep troll bites you!!
A shower of butterflies erupts from you!
The deep troll claws you! x2
* * * LOW HITPOINT WARNING * * *
The great orb of eyes bites you!
You die...

#.#.....#
#.#.##### #.#.#
#.#.# ############
#.#.######
###..........#
#.#.....<#
.............#
#b########
.............###G#
.)...........'bT@#
###..........#####
#..........#
#..........#
#>.........#
#..........#
#..........#
############


You could see a great orb of eyes and a deep troll.

Vanquished Creatures
  An ogre (D:3)
  2 orc priests
  An orc wizard (D:3)
  3 gnolls (D:3)
  10 adders
  An ooze (D:2)
  3 worms
  3 giant geckos
  11 orcs
  6 ball pythons
  9 giant cockroaches
  12 goblins
  15 hobgoblins
  20 jackals
  2 quokkas
  7 bats
  5 giant newts
  A jackal skeleton (D:3)
  15 kobolds
  15 rats
142 creatures vanquished.

Vanquished Creatures (collateral kills)
  2 adders (D:2)
  2 bats (D:2)
4 creatures vanquished.

Grand Total: 146 creatures vanquished

Notes
Turn   | Place    | Note
--------------------------------------------------------------
     0 | D:1      | pipel the Mummy Chaos Knight began the quest for the Orb.
     0 | D:1      | Reached XP level 1. HP: 18/18 MP: 1/1
   165 | D:1      | XOM: silly message
   384 | D:1      | Reached XP level 2. HP: 24/24 MP: 2/2
   417 | D:1      | XOM: harmless Ice miscast
   419 | D:1      | XOM: divination: detect items
   491 | D:1      | XOM: silly message
   506 | D:1      | XOM: polymorph giant newt -> giant cockroach
   667 | D:1      | XOM: noise
   724 | D:1      | XOM: silly message
   889 | D:1      | XOM: summons 1 hostile demon
   934 | D:1      | XOM: vitrification
  1350 | D:1      | XOM: 2-stop teleportation journey
  1372 | D:1      | Reached XP level 3. HP: 27/29 MP: 3/3
  1678 | D:1      | XOM: god gift: runed scimitar {god gift}
  1962 | D:1      | XOM: god gift: chain mail {god gift}
  2659 | D:1      | XOM: mild Ice miscast
  2777 | D:1      | XOM: vitrification
  2856 | D:1      | XOM is BORED!
  2856 | D:1      | XOM: summons 5 hostile shadow creatures
  3574 | D:1      | XOM: vitrification
  3743 | D:1      | XOM: god gift: 8 tomahawks of returning
  3875 | D:1      | XOM: colour smoke trail
  4222 | D:1      | XOM: silly message
  4833 | D:1      | XOM: 2-stop teleportation journey
  4837 | D:1      | XOM: noise
  4925 | D:1      | XOM: medium Fire miscast
  5052 | D:1      | XOM: god gift: ring mail {god gift}
  5640 | D:1      | XOM: harmless Erth miscast
  6397 | D:1      | XOM: divination: detect creatures
  6400 | D:1      | XOM: divination: detect creatures
  6523 | D:1      | XOM: mild Ice miscast
  6642 | D:1      | XOM is BORED!
  6642 | D:1      | XOM: mild Erth miscast
  6740 | D:1      | XOM: 1-stop teleportation journey
  6785 | D:1      | Reached XP level 4. HP: 18/36 MP: 4/4
  6905 | D:1      | XOM: noise
  7281 | D:1      | XOM: scenery: create altars
  8533 | D:1      | XOM: harmless Fire miscast
  9021 | D:1      | XOM: mild Fire miscast
  9390 | D:1      | XOM is BORED!
  9390 | D:1      | XOM: noise
  9976 | D:1      | XOM: divination: detect creatures
 10220 | D:1      | XOM: mild Conj miscast
 10508 | D:1      | Noticed a giant frog
 10508 | D:1      | XOM: harmless Summ miscast
 10629 | D:2      | Found a glowing golden altar of the Shining One.
 10763 | D:2      | XOM: silly message
 10772 | D:2      | XOM is BORED!
 10772 | D:2      | XOM: noise
 11188 | D:2      | XOM: harmless Hex miscast
 11278 | D:2      | XOM: harmless Chrm miscast
 11452 | D:2      | XOM: god gift: rare book {god gift}
 11453 | D:2      | Identified Xom's Intricacies of Spellcasting (Xom gifted it to you on level 2 of the Dungeon)
 11562 | D:2      | XOM: vitrification
 11788 | D:2      | XOM: 2-stop teleportation journey
 12089 | D:2      | XOM: harmless Divn miscast
 12114 | D:2      | XOM is BORED!
 12114 | D:2      | XOM: mild Trmt miscast
 12710 | D:2      | XOM: harmless Ice miscast
 12732 | D:2      | XOM: medium Fire miscast
 13118 | D:2      | XOM: noise
 13454 | D:2      | XOM: harmless Chrm miscast
 13494 | D:2      | XOM: summons 2 hostile demons
 13594 | D:2      | XOM: 1-stop teleportation journey
 13743 | D:2      | XOM: silly message
 13808 | D:2      | XOM: 5-stop teleportation journey
 13832 | D:2      | XOM: summons 4 friendly demons
 13834 | D:2      | Reached XP level 5. HP: 17/41 MP: 5/5
 14141 | D:2      | XOM: god gift: 39 gold pieces
 14225 | D:2      | XOM: 3-stop teleportation journey
 14415 | D:2      | XOM: silly message
 14711 | D:2      | XOM: god gift: scroll labeled MAONLE CAKAL
 14718 | D:2      | XOM: god gift: paperback book {god gift}
 14723 | D:2      | Learned a level 2 spell: Blink
 14726 | D:2      | Learned a level 2 spell: Repel Missiles
 14828 | D:2      | XOM: god gift: bone wand {god gift}
 14915 | D:2      | XOM is BORED!
 14915 | D:2      | XOM: medium Air miscast
 15219 | D:2      | XOM: scenery: create altars
 15309 | D:2      | XOM: god gift: scroll of blinking
 15379 | D:2      | XOM: colour smoke trail
 15532 | D:2      | XOM: god gift: hardcover book {god gift}
 15805 | D:2      | XOM: mild Divn miscast
 16022 | D:2      | XOM: stat loss: -1 Int (10/11)
 17084 | D:2      | XOM: colour smoke trail
 17385 | D:2      | Reached skill level 1 in Dodging
 17459 | D:2      | XOM: noise
 17514 | D:2      | XOM is BORED!
 17514 | D:2      | XOM: medium Fire miscast
 17901 | D:2      | XOM: medium Erth miscast
 18305 | D:2      | Noticed a tengu warrior
 18378 | D:3      | XOM: summons 4 hostile shadow creatures
 18408 | D:3      | Noticed Purgy
 18410 | D:3      | Noticed an ogre
 18643 | D:3      | XOM: chaos upgrade
 18669 | D:3      | Killed an ogre
 18669 | D:3      | Reached skill level 1 in Throwing
 18669 | D:3      | Reached XP level 6. HP: 42/48 MP: 6/6
 18691 | D:3      | Reached skill level 4 in Armour
 18749 | D:3      | XOM: vitrification
 18896 | D:3      | XOM: summons friendly white imp
 18914 | D:3      | XOM: fake destruction
 18936 | D:3      | Found a deep blue altar of Sif Muna.
 20372 | D:3      | XOM: colour smoke trail
 20378 | D:3      | XOM is BORED!
 20378 | D:3      | XOM: medium Hex miscast
 20752 | D:3      | XOM: mild Pois miscast
 21231 | D:3      | XOM: noise
 21240 | D:3      | XOM: harmless Pois miscast
 21559 | D:3      | XOM: medium Divn miscast
 21813 | D:3      | XOM: noise
 22465 | D:3      | XOM: colour smoke trail
 23319 | D:3      | XOM: stat loss: -1 Int (7/11)
 23760 | D:3      | XOM: mild Hex miscast
 23848 | D:3      | XOM: harmless Ice miscast
 23926 | D:3      | Noticed a boulder beetle
 23952 | D:4      | Found a staircase to the Ecumenical Temple.
 23967 | D:4      | XOM is BORED!
 23967 | D:4      | XOM: medium Fire miscast
 23988 | D:4      | Found Zuroleso's Gadget Shop.
 24214 | D:3      | XOM: harmless Summ miscast
 26158 | D:3      | XOM: mild Hex miscast
 26311 | D:3      | XOM: mild Erth miscast
 26446 | D:3      | XOM: mild Erth miscast
 26563 | D:3      | XOM: colour smoke trail
 26896 | D:3      | XOM: summons 2 hostile shadow creatures
 26897 | D:3      | Noticed a deep troll
 26897 | D:3      | Noticed a great orb of eyes
 26897 | D:3      | XOM: butterfly on damage
 26897 | D:3      | Slain by a great orb of eyes

Action                   |  1- 3 |  4- 6 || total
-------------------------+-------+-------++-------
Melee: Falchion          |    85 |       ||    85
       Scimitar          |    45 |   394 ||   439
Throw: Stone             |     7 |       ||     7
       Javelin           |     6 |    18 ||    24
       Tomahawk          |       |    15 ||    15
Evoke: Wand              |       |     1 ||     1
  Use: Scroll            |     1 |     6 ||     7
 Stab: Confused          |     1 |     1 ||     2
       Paralysed         |       |     1 ||     1
